 Dungeon Crawl Stone Soup version 0.31.0-11-ge490571c62 (webtiles) character file.

Game seed: 8690794604594745221

11741 Arcadio the Frost Mage (level 11, -1/87 HPs)
             Began as a Barachi Ice Elementalist on Jan 31, 2024.
             Was a Priest of Sif Muna.
             Slain by a shadow (10 damage)
             ... on level 11 of the Dungeon.
             The game lasted 00:45:26 (11213 turns).

Arcadio the Frost Mage (Barachi Ice Elementalist)  Turns: 11213, Time: 00:45:26

Health: -1/87      AC:  8    Str: 10    XL:     11   Next: 82%
Magic:  21/25      EV: 15    Int: 20    God:    Sif Muna [***...]
Gold:   95         SH:  0    Dex: 12    Spells: 11/30 levels left

rFire   . . .        C - +2 dagger (holy)
rCold   . . .        (no shield)
rNeg    . . .        x - +0 acid dragon scales
rPois   .            L - +0 helmet
rElec   .            (no cloak)
rCorr   +            i - +0 pair of gloves
SInv    .            (no boots)
Will    .....        v - amulet of regeneration
Stlth   +            j - ring of wizardry
HPRegen 1.14/turn    (no ring)
MPRegen 0.19/turn

%: wizardry (x1)
@: unable to hop, slow
A: amphibious, slowness 1, strong legs 1, +LOS
a: Hop, Renounce Religion, Channel Magic, Forget Spell


You were on level 11 of the Dungeon.
You worshipped Sif Muna.
Sif Muna was most pleased with you.
You visited 2 branches of the dungeon, and saw 12 of its levels.

You collected 423 gold pieces.
You spent 328 gold pieces at shops.

Inventory:

Hand Weapons
 d - a +0 rapier
 g - a +6 dagger of draining
 k - a +2 vampiric short sword
 B - a +1 vampiric double sword
 C - a +2 dagger of holy wrath (weapon)
Missiles
 N - a throwing net
Armour
 a - a +0 robe
 i - a +0 pair of gloves (worn)
 x - +0 acid dragon scales (worn)
 D - a +0 chain mail of cold resistance
 L - a +0 helmet (worn)
Jewellery
 j - a ring of wizardry (left hand)
 p - a ring of fire
 q - an amulet of guardian spirit
 v - an amulet of regeneration (around neck)
 F - a ring of resist corrosion
Wands
 y - a wand of digging (6)
 E - a wand of quicksilver (4)
 G - a wand of roots (9)
 K - a wand of flame (8)
 Q - a wand of mindburst (17)
Scrolls
 c - 2 scrolls of vulnerability
 e - a scroll of fog {unknown}
 h - 2 scrolls of poison
 l - 3 scrolls of enchant armour
 n - 2 scrolls of amnesia {unknown}
 r - 2 scrolls of identify
 t - 4 scrolls of teleportation
 u - 3 scrolls of fear
 w - 5 scrolls of immolation
 A - 4 scrolls of blinking {unknown}
Potions
 b - a potion of magic
 f - 2 potions of mutation
 m - a potion of attraction
 o - a potion of curing
 s - a potion of berserk rage {unknown}
 z - a potion of might
 H - a potion of brilliance {unknown}
 I - 2 potions of haste {unknown}
 M - a potion of resistance {unknown}
 P - a potion of enlightenment {unknown}
Miscellaneous
 J - a phantom mirror


   Skills:
 + Level 8.5 Fighting
 + Level 11.1 Dodging
 - Level 1.7 Stealth
 + Level 10.1 Spellcasting
 + Level 12.6 Ice Magic


You had 11 spell levels left.
You knew the following spells:

 Your Spells              Type           Power      Damage    Failure   Level
a - Freeze                Ice            100%       1d10      1%          1
b - Frozen Ramparts       Ice            100%       1d16      1%          3
c - Ozocubu's Armour      Ice            57%        N/A       1%          3
d - Hailstorm             Conj/Ice       35%        3d8       1%          3
e - Summon Ice Beast      Ice/Summ       35%        N/A       1%          3
f - Sculpt Simulacrum     Ice/Alch       17%        N/A       43%         6

Your spell library contained the following spells:

 Spells                   Type           Power      Damage    Failure   Level
 Kiss of Death            Conj/Necr      40%        2d8       4%          1
 Necrotise                Necr           40%        1d6       4%          1
 Confusing Touch          Hex            10%        N/A       13%         3
 Vampiric Draining        Necr           10%        2d6       13%         3
 Animate Armour           Summ/Erth      20%        N/A       38%         4
 Dispel Undead            Necr           10%        3d9       38%         4
 Martyr's Knell           Necr/Summ      10%        N/A       38%         4
 Summon Lightning Spire   Summ/Air       10%        N/A       38%         4
 Curse of Agony           Necr           10%        N/A       73%         5
 Lee's Rapid Deconstruct  Erth           5%         3d6*      73%         5


Dungeon Overview and Level Annotations

Branches:
Dungeon (11/15)            Temple (1/1) D:6            Lair (0/5) D:8
    Orc: D:9-12

Altars:
Ashenzari
Cheibriados
Dithmenos
Elyvilon
Fedhas
Gozag
Hepliaklqana
Kikubaaqudgha
Makhleb
Nemelex Xobeh
Okawaru
Qazlal
Ru
Sif Muna
Trog
Uskayaw
Vehumet
Wu Jian
Xom
Yredelemnul
Zin
The Shining One

Shops:
D:4 ?   D:6 ::*

Annotations:
D:8 3 runed translucent doors, Jeremiah; NitroKuite's ghost, novice MfGl


Innate Abilities, Weirdness & Mutations

You are amphibious.
You cover ground slowly.
You can hop short distances.
You have an extended range of vision and can be seen from far away.


Message History

The frozen ramparts melt away.
The shadow strikes at you from the darkness!
* * * LOW HITPOINT WARNING * * *
Reactivating autopickup.
You feel better.
The shadow slips into darkness.
The shadow flickers and vanishes!
Deactivating autopickup; reactivate with Ctrl-A.
Okay, then.
Okay, then.
Casting: Freeze (safe; 1% risk of failure)
Confirm with . or Enter, or press ? or * to list all spells.
Okay, then.
Okay, then.
Your +2 dagger of holy wrath softly glows with a divine radiance!
C - a +2 dagger of holy wrath (weapon)
The shadow strikes at you from the darkness!
* * * LOW HITPOINT WARNING * * *
Reactivating autopickup.
Hop to where?
Press: ? - help, Q - select action, (/) - cycle Dir - move target Your icy armour cracks and falls away as you move.
Boing!
Your legs are too worn out to hop.
Okay, then.
Okay, then.
Aiming: Quicksilver Bolt
Press: ? - help, Shift-Dir - straight line, f - shadow
Aim: a shadow (sparse dust, 71% to hit)
The bolt of dispelling energy hits the shadow!
The shadow is heavily damaged.
The shadow slips into darkness.
The shadow flickers and vanishes!
Deactivating autopickup; reactivate with Ctrl-A.
Aiming: Quicksilver Bolt
Press: ? - help, Shift-Dir - straight line The bolt of dispelling energy hits something!
Reactivating autopickup.
The shadow's magical effects unravel!
The shadow hits you!
You die...

##...# #..###
#####'##### ##
#.........# ..#
##.........#####
...#
##.........'...#
....#
##.........###.#
.....#
.'.........#
#.####......#
##.........#
#..@W)......+
#.........#
######......#
#####'#####
##+### #....#
####)# ####
####)### ...#
#...)).# ##.#
#......#
#..<...+


You could see a shadow.

Vanquished Creatures
  A two-headed ogre (D:11)
  Pikel (D:9)
  Maggie (D:8)
  A kobold demonologist (D:11)
  Psyche (D:8)
  A troll (D:11)
  A polar bear (D:10)
  Grinder (D:4)
  2 wyverns
  20 yaks
  A wraith (D:9)
  The ghost of NitroKuite the Poker, an amateur MfGl (D:4)
  3 vampire mosquitoes (D:10)
  2 acid dragons
  3 water moccasins
  A black bear (D:6)
  5 orc warriors
  An ice beast (D:9)
  An ogre (D:7)
  A wolf (D:10)
  5 centaurs
  6 kobold brigands
  A phantom (D:5)
  4 bullfrogs
  3 scorpions
  A gnoll sergeant (D:10)
  8 wights
  A howler monkey (D:5)
  3 hounds (D:6)
  A gnoll bouda (D:9)
  4 orc priests (D:7)
  Jessica (D:3)
  A sleepcap (D:4)
  Natasha (twice) (D:4)
  8 orc wizards
  A centaur simulacrum (D:10)
  Robin (D:3)
  8 adders
  14 gnolls
  2 shadow imps
  3 white imps
  An ufetubus (D:9)
  3 dart slugs
  A ribbon worm (D:2)
  27 orcs
  4 endoplasms
  4 giant cockroaches
  17 goblins
  8 hobgoblins
  18 kobolds
  A quokka (D:3)
  8 ball pythons
  5 bats
  A frilled lizard (D:2)
  5 rats
230 creatures vanquished.

Vanquished Creatures (collateral kills)
  Gastronok (D:10)
  A hornet (D:8)
  A yak (D:9)
  A wight (D:8)
4 creatures vanquished.

Grand Total: 234 creatures vanquished

Notes
Turn   | Place    | Note
-------+----------+-------------------------------------------
     0 | D:1      | Arcadio the Barachi Ice Elementalist began the quest for
                  | the Orb.
     0 | D:1      | Reached XP level 1. HP: 13/13 MP: 3/3
   193 | D:1      | Reached skill level 5 in Ice Magic
   193 | D:1      | Reached XP level 2. HP: 19/19 MP: 5/5
   267 | D:1      | You fall into a shaft and drop 1 floor!
   391 | D:2      | Reached XP level 3. HP: 24/24 MP: 7/7
   599 | D:2      | Learned a level 3 spell: Frozen Ramparts
   603 | D:2      | Learned a level 3 spell: Ozocubu's Armour
   749 | D:2      | Found a faded altar of an unknown god.
  1133 | D:3      | Noticed Robin
  1136 | D:3      | Reached XP level 4. HP: 27/30 MP: 4/8
  1142 | D:3      | Killed Robin
  1335 | D:3      | Noticed Jessica
  1353 | D:3      | Killed Jessica
  1354 | D:3      | Reached XP level 5. HP: 32/35 MP: 4/10
  1360 | D:3      | Found a white marble altar of Elyvilon.
  1508 | D:3      | Found a shadowy altar of Dithmenos.
  1518 | D:3      | Noticed an orc warrior
  1530 | D:3      | Killed an orc warrior
  1531 | D:3      | Reached skill level 6 in Ice Magic
  1531 | D:3      | Reached XP level 6. HP: 22/41 MP: 2/11
  1654 | D:3      | Found a sparkling altar of Nemelex Xobeh.
  2223 | D:4      | Found Iromn's Magic Scroll Emporium.
  2232 | D:4      | Bought a scroll of fear for 48 gold pieces
  2232 | D:4      | Bought a scroll of identify for 24 gold pieces
  2286 | D:4      | Noticed Natasha
  2291 | D:4      | Killed Natasha
  2654 | D:4      | Noticed Natasha
  2661 | D:4      | Killed Natasha
  2802 | D:4      | Noticed Grinder
  2825 | D:4      | Killed Grinder
  2826 | D:4      | Reached skill level 5 in Dodging
  2826 | D:4      | Reached skill level 7 in Ice Magic
  2826 | D:4      | Reached XP level 7. HP: 37/46 MP: 10/14
  2929 | D:4      | Found a runed translucent door.
  2931 | D:4      | Noticed NitroKuite's ghost (amateur MfGl)
  3022 | D:5      | Entered Level 5 of the Dungeon
  3109 | D:5      | Reached skill level 5 in Spellcasting
  3598 | D:5      | Found a glowing silver altar of Zin.
  3598 | D:5      | Found an opulent altar of Gozag.
  4046 | D:6      | Found Yliu's Book Shop.
  4046 | D:6      | Found Vots's Book Shop.
  4046 | D:6      | Found Kuropt's Assorted Antiques.
  4087 | D:6      | Reached XP level 8. HP: 24/52 MP: 11/16
  4150 | D:6      | Learned a level 3 spell: Hailstorm
  4154 | D:6      | Learned a level 3 spell: Summon Ice Beast
  4223 | D:6      | Found a staircase to the Ecumenical Temple.
  4233 | Temple   | Entered the Ecumenical Temple
  4239 | Temple   | Became a worshipper of Sif Muna the Loreminder
  4314 | D:6      | Reached skill level 8 in Ice Magic
  4681 | D:6      | HP: 1/52 [orc warrior/+1 trident of protection (11)]
  5032 | D:7      | Reached * piety under Sif Muna
  5043 | D:7      | Reached skill level 9 in Ice Magic
  5268 | D:7      | Reached XP level 9. HP: 49/57 MP: 13/19
  5291 | D:7      | Learned a level 6 spell: Sculpt Simulacrum
  5736 | D:7      | Found a hazy altar of Hepliaklqana.
  6039 | D:8      | Reached skill level 1 in Fighting
  6213 | D:8      | Noticed a hornet
  6233 | D:8      | Noticed Psyche
  6304 | D:8      | Killed Psyche
  6348 | D:8      | Killed a hornet
  6349 | D:8      | Reached skill level 10 in Ice Magic
  6469 | D:8      | Noticed Maggie
  6487 | D:8      | Killed Maggie
  6664 | D:8      | Found an ornate altar of the Wu Jian Council.
  6841 | D:8      | Found a shimmering altar of Xom.
  6891 | D:8      | Found a staircase to the Lair.
  6927 | D:8      | Found a runed translucent gate.
  6927 | D:8      | Found a runed translucent gate.
  6928 | D:8      | Found a runed translucent gate.
  6930 | D:8      | Found an opulent altar of Gozag.
  6932 | D:8      | Noticed NitroKuite's ghost (novice MfGl)
  7040 | D:8      | Noticed Jeremiah
  7081 | D:9      | Reached XP level 10. HP: 42/69 MP: 13/22
  7311 | D:9      | Found a snail-covered altar of Cheibriados.
  7316 | D:9      | Noticed Pikel
  7337 | D:8      | Reached skill level 5 in Fighting
  7601 | D:4      | Killed NitroKuite's ghost
  7664 | D:4      | Bought a scroll of enchant armour for 90 gold pieces
  7664 | D:4      | Bought a scroll of fear for 48 gold pieces
  7664 | D:4      | Bought a scroll of enchant weapon for 90 gold pieces
  7802 | D:6      | Bought a murky dark potion for 28 gold pieces
  7999 | D:8      | HP: 1/74 [merfolk/+0 trident (22)]
  8064 | D:9      | Found a bloodstained altar of Trog.
  8076 | D:9      | Reached ** piety under Sif Muna
  8077 | D:9      | Reached skill level 11 in Ice Magic
  8330 | D:9      | Killed Pikel
  8737 | D:10     | Entered Level 10 of the Dungeon
  9058 | D:10     | Reached skill level 10 in Dodging
  9064 | D:10     | Reached XP level 11. HP: 78/83 MP: 5/24
  9072 | D:10     | Noticed Gastronok
 10338 | D:10     | Reached *** piety under Sif Muna
 10339 | D:10     | Reached skill level 12 in Ice Magic
 10624 | D:10     | Killed Gastronok
 10681 | D:10     | HP: 1/86 [vampire/vampiric draining (9)]
 10945 | D:11     | Noticed a sixfirhy
 10947 | D:11     | Reached skill level 10 in Spellcasting
 11189 | D:11     | Noticed a two-headed ogre
 11204 | D:11     | Killed a two-headed ogre
 11213 | D:11     | Slain by a shadow

Illustrated notes

Levels and vault maps discovered:
D:1:      dpeg_arrival_round_a, layout_rooms, eino_curves_02
D:2:      layout_loops_ring, shapermc_ecumenical_altar_flowoftime
D:3:      layout_basic, grunt_dithmenos_smoke_and_mirrors,
          nemelex_spade_bored_becter, mainiacjoe_overflow_boulevard, uniq_robin,
          uniq_jessica, uniq_crazy_yiuf_cottage
D:4:      layout_basic, serial_shops, shop, ebering_ghost_inner_flame,
          uniq_natasha, uniq_grinder
D:5:      layout_loops_corners, grunt_temple_overflow_gold_and_silver
D:6:      layout_gridville, minmay_temple_entry_water_ring,
          nicolae_shop_distant_corner_stores
D:7:      layout_basic, kennysheep_mini_moat, minivault_26, minmay_misc_feat_x
D:8:      layout_basic, mainiacjoe_overflow_paths,
          mainiacjoe_overflow_small_starburst, lair_entry_dummy,
          ebering_ghost_gozag, roadster_trireme, uniq_psyche, uniq_maggie,
          uniq_jeremiah
D:9:      layout_gridville, mainiacjoe_overflow_cross_hatched, bloody_trog,
          uniq_pikel
D:10:     layout_stronghold, hiddenorc2_lemuel, serial_ice, serial_ice_d,
          serial_ice_e, serial_ice_a, serial_ice_o, uniq_gastronok
D:11:     layout_roguey, lemuel_flamethrower_1
Temple:   nicolae_temple_no_exploring_needed

Skill      XL: |  1  2  3  4  5  6  7  8  9 10 11 |
---------------+----------------------------------+-----
Ice Magic      | 5 6 7 9 10 11 12 | 12.6
Dodging        | 3 4 5 6 7 8 10 11 | 11.1
Spellcasting   | 3 4 5 6 8 9 10 | 10.1
Fighting       | 4 6 8 |  8.5
Stealth        | |  1.7

Action                     |  1- 3 |  4- 6 |  7- 9 | 10-12 || total
---------------------------+-------+-------+-------+-------++-------
  Melee: Rapier            |    14 |       |       |       ||    14
         Dagger            |    29 |    60 |   112 |   191 ||   392
         Punch             |       |     2 |     5 |     4 ||    11
         Unarmed           |       |       |     4 |       ||     4
   Cast: Freeze            |    17 |    29 |    57 |    52 ||   155
         Frozen Ramparts   |     2 |     4 |    25 |    32 ||    63
         Ozocubu's Armour  |       |     1 |     7 |    16 ||    24
         Hailstorm         |       |       |     4 |    24 ||    28
         Summon Ice Beast  |       |       |     4 |     1 ||     5
Ability: Hop               |       |       |       |     7 ||     7
  Evoke: Wand              |       |       |     2 |     2 ||     4
    Use: Scroll            |       |     5 |     8 |     3 ||    16
         Potion            |       |       |     1 |     9 ||    10
   Stab: Sleeping          |     2 |     6 |       |       ||     8
         Distracted        |       |       |       |     1 ||     1
 Armour: Robe              |    35 |    31 |   102 |       ||   168
         Acid dragon scale |       |       |    12 |   284 ||   296
         Skin              |       |       |     1 |       ||     1
  Dodge: Dodged            |    32 |    56 |   143 |   266 ||   497
